 Dungeon Crawl Stone Soup version 0.31-a0-441-g867994ef1c (webtiles) character file.

Game seed: 13651798063406799750

427 Newt the Spear-Bearer (level 6, -2/48 HPs)
             Began as a Merfolk Gladiator on Aug 2, 2023.
             Killed by nerve-wracking pain
             ... invoked by Grinder
              (14 damage)
             ... while paralysed by Grinder
             ... on level 4 of the Dungeon.
             The game lasted 00:02:37 (2999 turns).

Newt the Spear-Bearer (Merfolk Gladiator)           Turns: 2999, Time: 00:02:37

Health: -2/48      AC:  0    Str: 16    XL:     6   Next: 97%
Magic:  6/6        EV:  3    Int:  7    God:
Gold:   189        SH:  0    Dex: 16    Spells: 5/5 levels left

rFire   . . .        a - melded +0 trident
rCold   . . .        (shield currently unavailable)
rNeg    . . .        b - melded +0 leather armour
rPois   .            c - melded +0 helmet
rElec   .            (cloak currently unavailable)
rCorr   .            (gloves currently unavailable)
SInv    .            l - melded +0 pair of boots
Will    .....        (no amulet)
Stlth   +            (ring currently unavailable)
HPRegen 0.28/turn    (ring currently unavailable)
MPRegen 0.10/turn

%: no passive effects
@: paralysed, pig-form (expiring), very quick
A: fast, no casting, small, (nimble swimmer 2), (mertail)
a: no special abilities


You were on level 4 of the Dungeon.
You were a filthy swine.
You visited 1 branch of the dungeon, and saw 4 of its levels.

You collected 189 gold pieces.

Inventory:

Hand Weapons
 a - a +0 trident (melded)
Missiles
 d - 2 throwing nets (quivered)
 e - a javelin
Armour
 b - a +0 leather armour (melded)
 c - a +0 helmet (melded)
 l - a +0 pair of boots (melded)
Jewellery
 h - a ring of fire
Wands
 j - a wand of flame (47)
Scrolls
 n - a scroll of enchant weapon {unknown}
Potions
 f - a potion of curing
 g - a potion of berserk rage
 i - a potion of heal wounds {unknown}
 k - a potion of cancellation {unknown}
 m - a potion of mutation {unknown}


   Skills:
 - Level 4.0 Fighting
 + Level 9.1 Polearms
 - Level 2.0 Throwing
 - Level 4.0 Dodging


You had 5 spell levels left.
You didn't know any spells.
Your spell library was empty.

Dungeon Overview and Level Annotations

Branches:
Dungeon (4/15)
 Temple: D:4-7

Altars:
Uskayaw

Annotations:
D:4 2 transporters, Grinder; randomguy2701's ghost, amateur TeAE


Innate Abilities, Weirdness & Mutations

You are a filthy swine.
You move quickly.
Your equipment is almost entirely melded.
You are incapable of wielding weapons or throwing items.
You cannot cast spells.
((You are very nimble when in or above water. (Stealth+, EV+, Speed+++)))
((Your lower body shifts to a powerful aquatic tail in water.))


Message History

Grinder is severely wounded.
Grinder says, "Are you a fish?" Grinder barely misses you.
You barely miss Grinder.
Grinder is severely wounded.
You completely miss Grinder.
Grinder is severely wounded.
Grinder hits you!
You writhe in agony.
The goblin shoots a sling bullet.
The sling bullet hits you.
You hit Grinder.
Grinder is severely wounded.
Grinder blinks!
The goblin shoots a sling bullet.
The sling bullet closely misses you.
The goblin shoots a sling bullet.
The sling bullet closely misses you.
You can't do that in your present form.
The goblin shoots a sling bullet.
The sling bullet misses you.
You barely miss Grinder.
Grinder is severely wounded.
Your transformation is almost over.
Grinder gestures at you.
You barely resist.
The goblin shoots a sling bullet.
The sling bullet misses you.
You hit Grinder but do no damage.
Grinder is severely wounded.
Grinder says, "There's only one good use for a tongue: cutting it out."
Grinder gestures at you.
You barely resist.
The goblin shoots a sling bullet.
The sling bullet hits you.
You hit Grinder but do no damage.
Grinder is severely wounded.
Grinder hits you!
The goblin shoots a sling bullet.
The sling bullet closely misses you.
You hit Grinder but do no damage.
Grinder is severely wounded.
Grinder gestures at you.
You suddenly lose the ability to move!
The goblin shoots a sling bullet.
The sling bullet hits you.
* * * LOW HITPOINT WARNING * * *
Grinder gestures at you. Pain shoots through your body!
You die...

## #...# #....# .# #..g#
#....# .# ### ...#
##....# .# ...##+..##
#.....# ## .........#
+.....# ##
#......##+#.....# .#
#...............# .#
#........5......# .#
#.......h.......# .#
#...............# .#
#......##+#.....# .#
+......#..#.....# .#
#......'..+.....#
.########......#..#.....#
...............#'##.....#
.........#'#####..#.....#
..<......+.....'..#.....#


You could see Grinder and a goblin.

Vanquished Creatures
  A phantom (D:2)
  2 scorpions
  Jessica (D:3)
  Ijyb (D:3)
  Terence (D:3)
  2 iguanas (D:4)
  4 adders
  An orc (D:3)
  11 endoplasms
  4 giant cockroaches
  6 goblins
  8 hobgoblins
  4 jackals (D:3)
  6 kobolds
  2 quokkas (D:1)
  9 ball pythons
  4 bats
  6 frilled lizards
  4 rats
77 creatures vanquished.

Notes
Turn   | Place    | Note
-------+----------+-------------------------------------------
     0 | D:1      | Newt the Merfolk Gladiator began the quest for the Orb.
     0 | D:1      | Reached XP level 1. HP: 16/16 MP: 1/1
   100 | D:1      | Reached XP level 2. HP: 23/23 MP: 2/2
   444 | D:1      | Reached XP level 3. HP: 25/30 MP: 3/3
   877 | D:2      | Found a faded altar of an unknown god.
   941 | D:2      | Reached skill level 5 in Polearms
   941 | D:2      | Reached XP level 4. HP: 24/37 MP: 4/4
  1356 | D:2      | Noticed a phantom
  1393 | D:2      | Killed a phantom
  1394 | D:2      | Reached skill level 6 in Polearms
  1394 | D:2      | Reached XP level 5. HP: 11/42 MP: 5/5
  1818 | D:3      | Noticed Ijyb
  1840 | D:3      | Killed Ijyb
  1843 | D:3      | Found a hide-covered altar of Uskayaw.
  1973 | D:3      | Noticed Terence
  1988 | D:3      | Reached skill level 7 in Polearms
  1988 | D:3      | Reached XP level 6. HP: 29/48 MP: 6/6
  1998 | D:3      | Killed Terence
  2194 | D:3      | Reached skill level 8 in Polearms
  2476 | D:3      | Noticed Jessica
  2483 | D:3      | Killed Jessica
  2746 | D:4      | Found a transporter.
  2746 | D:4      | Noticed randomguy2701's ghost (amateur TeAE)
  2747 | D:4      | Found a transporter.
  2820 | D:4      | Reached skill level 9 in Polearms
  2976 | D:4      | Noticed Grinder
  2998 | D:4      | Paralysed by Grinder for 4 turns
  2999 | D:4      | Killed from afar by Grinder

Illustrated notes

Levels and vault maps discovered:
D:1:      noname_arrival_rooms_in_the_neighbourhood, layout_loops_ring
D:2:      layout_basic, basic_ecumenical_altar, nicolae_half_adder
D:3:      layout_basic, nicolae_uskayaw_suspiria, minmay_misc_feat_hallway,
          dreamdust_princess_bridge, st_stairs_3, serial_bayou_pond_a,
          uniq_jessica, uniq_ijyb, uniq_terence
D:4:      layout_gridville, gammafunk_ghost_mausoleum,
          nicolae_elevator_lobby_plus, uniq_grinder

Skill      XL: |  1  2  3  4  5  6 |
---------------+-------------------+-----
Fighting       | 3 4 |  4.0
Polearms       | 5 6 7 9 |  9.1
Throwing       | |  2.0
Dodging        | |  4.0

Action                     |  1- 3 |  4- 6 || total
---------------------------+-------+-------++-------
  Melee: Trident           |   114 |   195 ||   309
         Punch             |       |     1 ||     1
         Unarmed           |       |     9 ||     9
  Throw: Throwing net      |       |     2 ||     2
    Use: Scroll            |       |     6 ||     6
   Stab: Sleeping          |     3 |     1 ||     4
 Armour: Leather armour    |    32 |    22 ||    54
  Dodge: Dodged            |    58 |   100 ||   158

Table legend: (Time is in decaauts)
 A = Elapsed time spent in this place.
 B = Non-inter-level travel time spent in this place.
 C = Inter-level travel time spent in this place.
 D = Time resting spent in this place.
 E = Time spent auto-exploring this place.
 F = Levels seen in this place.
 G = Mean time per level.
                   A        B        C        D        E       F      G
               +--------+--------+--------+--------+--------+-----+--------+
         Total |   2995 |   2891 |    104 |    397 |   1923 |   4 |  748.8 |
       Dungeon |   2995 |   2891 |    104 |    397 |   1923 |   4 |  748.8 |
               +--------+--------+--------+--------+--------+-----+--------+

Top non-repeatable levels by time:
     D:2: 1060 daAuts
     D:3: 802 daAuts
     D:1: 682 daAuts
     D:4: 451 daAuts
